 Dungeon Crawl Stone Soup version 0.27.0-66-gdc8fb28755 (webtiles) character file.

Game seed: 2630526679033458332

5148 funkygono the Arsonist (level 10, -2/53 HPs)
             Began as a Gargoyle Fire Elementalist on Aug 19, 2021.
             Was a Follower of Vehumet.
             Slain by a two-headed ogre (16 damage)
             ... on level 9 of the Dungeon.
             The game lasted 00:23:47 (12130 turns).

funkygono the Arsonist (GrFE)                      Turns: 12130, Time: 00:23:48

Health: -2/53      AC: 17    Str: 13    XL:     10   Next: 59%
Magic:  12/21      EV: 13    Int: 18    God:    Vehumet [*.....]
Gold:   318        SH: 10    Dex: 13    Spells: 8/23 levels left

rFire    . . .     SeeInvis .   j - +2 whip (elec)
rCold    . . .     Faith    .   w - +0 buckler
rNeg     + . .     Spirit   .   s - +0 steam dragon scales
rPois    ∞         Reflect  +   v - +2 hat
rElec    +         Harm     .   k - +0 cloak
rCorr    .         Rampage  .   i - +1 pair of gloves {Dex+3}
Will     .....                  (no boots)
Stlth    ++........             g - amulet of reflection
HPRegen  0.17/turn              (no ring)
MPRegen  0.17/turn              (no ring)

@: studying Shields
A: sickness immunity, AC +7, negative energy resistance 1, electricity
resistance, torment resistance 1, petrification resistance
a: Renounce Religion


You were on level 9 of the Dungeon.
You worshipped Vehumet.
Vehumet was aware of your devotion.
You visited 2 branches of the dungeon, and saw 10 of its levels.

You collected 318 gold pieces.

Inventory:

Hand Weapons
 a - a +4 mace
 c - a +0 vampiric whip
 j - a +2 whip of electrocution (weapon)
 o - a +1 whip of freezing
Missiles
 h - 243 stones
 l - a throwing net
Armour
 i - a +1 pair of gloves of dexterity (worn)
 k - a +0 cloak (worn)
 n - the +8 chain mail "Nourph" {rCorr Int+4}
   (You found it on level 4 of the Dungeon)

   Int:       It affects your intelligence (+4).
   rCorr:     It protects you from acid and corrosion.
 s - +0 steam dragon scales (worn)
 v - a +2 hat (worn)
 w - a +0 buckler (worn)
 x - a +2 helmet
Magical Staves
 d - a staff of cold
Jewellery
 g - an amulet of reflection (around neck)
 q - an amulet of faith
Wands
 m - a wand of paralysis (7)
 r - a wand of charming (10)
 t - a wand of flame (54)
Scrolls
 b - 5 scrolls of identify
 u - a scroll of blinking
Potions
 e - 2 potions of curing
 f - a potion of haste
 p - a potion of magic
 z - a potion of brilliance


   Skills:
 + Level 2.0 Fighting
 + Level 2.8 Maces & Flails
 + Level 4.2 Dodging
 - Level 2.1 Stealth
 + Level 4.0 Shields
 + Level 7.3 Spellcasting
 + Level 7.3 Conjurations
 + Level 8.0 Fire Magic
 + Level 6.4 Earth Magic


You had 8 spell levels left.
You knew the following spells:

 Your Spells              Type           Power      Damage    Failure   Level
a - Foxfire               Conj/Fire      100%       2x1d9     1%          1
b - Conjure Flame         Conj/Fire      34%        6-21      1%          3
c - Sticky Flame          Conj/Fire      34%        2d5       4%          4
d - Fireball              Conj/Fire      17%        3d9       12%         5
e - Sandblast             Erth           58%        2d13      1%          1
f - Freeze                Ice            24%        1d5       11%         1

Your spell library contained the following spells:

 Spells                   Type           Power      Damage    Failure   Level
 Passwall                 Tmut/Erth      15%        N/A       4%          2
 Inner Flame              Hex/Fire       21%        N/A       6%          3
 Blink                    Tloc           N/A        N/A       16%         2
 Corpse Rot               Necr/Air       N/A        N/A       16%         2
 Poisonous Vapours        Pois/Air       12%        N/A       16%         2
 Lee's Rapid Deconstruct  Erth           14%        3d10*     21%         5
 Lesser Beckoning         Tloc           3%         N/A       30%         3
 Freezing Cloud           Conj/Ice/Air   7%         6-21      71%         5
 Manifold Assault         Tloc           6%         N/A       96%         5


Dungeon Overview and Level Annotations

Branches:
Dungeon (9/15)             Temple (1/1) D:7            Lair (0/6) D:8
    Orc: D:9-12

Altars:
Ashenzari
Cheibriados
Dithmenos
Elyvilon
Fedhas
Gozag
Hepliaklqana
Kikubaaqudgha
Makhleb
Nemelex Xobeh
Okawaru
Qazlal
Ru
Sif Muna
Trog
Uskayaw
Vehumet
Wu Jian
Xom
Yredelemnul
Zin
The Shining One

Shops:
D:2 ?   D:8 ?


Innate Abilities, Weirdness & Mutations

You are immune to sickness and miasma.
Your stone body is resilient. (AC +7)
You are immune to poison.
You resist negative energy. (rN+)
You are resistant to electric shocks. (rElec)
You are resistant to unholy torment.
You are immune to petrification.


Message History

The foxfire hits the two-headed ogre but does no damage.
The two-headed ogre is moderately wounded.
The two-headed ogre hits you with a +0 giant club!!
The two-headed ogre closely misses you.
Casting: Foxfire (safe; 1% risk of failure)
Confirm with . or Enter, or press ? or * to list all spells.
You conjure some foxfire!
The foxfire hits the two-headed ogre.
The two-headed ogre is moderately wounded.
The foxfire hits the two-headed ogre!
The two-headed ogre is heavily wounded.
The foxfire hits the two-headed ogre but does no damage.
The two-headed ogre is heavily wounded.
The two-headed ogre misses you.
The two-headed ogre completely misses you.
Casting: Foxfire (safe; 1% risk of failure)
Confirm with . or Enter, or press ? or * to list all spells.
You conjure some foxfire!
The foxfire hits the two-headed ogre but does no damage.
The two-headed ogre is heavily wounded.
The foxfire hits the two-headed ogre but does no damage.
The two-headed ogre is heavily wounded.
Casting: Foxfire (safe; 1% risk of failure)
Confirm with . or Enter, or press ? or * to list all spells.
You conjure some foxfire!
The foxfire hits the two-headed ogre but does no damage.
The two-headed ogre is heavily wounded.
The foxfire hits the two-headed ogre but does no damage.
The two-headed ogre is heavily wounded.
The two-headed ogre hits you with a +0 giant club.
You block the two-headed ogre's attack.
Casting: Foxfire (safe; 1% risk of failure)
Confirm with . or Enter, or press ? or * to list all spells.
You conjure some foxfire!
The foxfire hits the two-headed ogre.
The two-headed ogre is severely wounded.
The foxfire hits the two-headed ogre.
The two-headed ogre is severely wounded.
The two-headed ogre hits you with a +0 giant club.
* * * LOW HITPOINT WARNING * * *
The two-headed ogre hits you with a +1 dire flail of protection!
You die...

... .. .. . #.
##+#
.####.##...###
......§.v....#
......v@O....#
......§......#
.............#
$............#
..........<..#
...########.##
... .# ## .


You could see a two-headed ogre (ally target).

Vanquished Creatures
  Pikel (D:6)
  A kobold demonologist (D:8)
  Grinder (D:6)
  Sigmund (D:5)
  A wyvern (D:8)
  4 steam dragons
  3 water moccasins
  3 sky beasts
  A hornet zombie (D:7)
  2 orc warriors
  A necrophage (D:8)
  An ice beast (D:5)
  An ogre (D:5)
  A centaur (D:8)
  4 lemures
  A phantom (D:6)
  4 kobold brigands
  A gnoll sergeant (D:8)
  4 bullfrogs
  6 scorpions
  A water moccasin zombie (D:6)
  A howler monkey (D:6)
  11 wights (D:8)
  An electric eel (D:6)
  A crimson imp (D:5)
  3 hounds
  A jelly (D:4)
  A bullfrog zombie (D:6)
  A centaur skeleton (D:7)
  A centaur zombie (D:8)
  A gnoll shaman (D:8)
  A bullfrog skeleton (D:6)
  2 orc wizards
  A scorpion zombie (D:5)
  3 iguanas
  A killer bee zombie (D:7)
  3 gnolls (D:8)
  A howler monkey skeleton (D:7)
  8 adders
  A white imp (D:6)
  2 worms (D:2)
  4 dart slugs
  9 orcs
  7 endoplasms
  4 giant cockroaches
  4 goblins
  6 hobgoblins
  7 jackals
  6 quokkas
  3 ball pythons
  5 bats
  3 frilled lizards
  19 kobolds
  10 rats
175 creatures vanquished.

Vanquished Creatures (collateral kills)
  A foxfire (D:6)
1 creature vanquished.

Vanquished Creatures (others)
  An adder (D:6)
  883 foxfires
  12 plants (D:6)
896 creatures vanquished.

Grand Total: 1072 creatures vanquished

Notes
Turn   | Place    | Note
-------+----------+-------------------------------------------
     0 | D:1      | funkygono the Gargoyle Fire Elementalist began the quest
                  | for the Orb.
     0 | D:1      | Reached XP level 1. HP: 10/10 MP: 3/3
   191 | D:1      | Reached XP level 2. HP: 15/15 MP: 1/5
   685 | D:1      | Reached XP level 3. HP: 19/19 MP: 3/6
   803 | D:2      | Found a basalt altar of Yredelemnul.
  1229 | D:2      | Reached skill level 4 in Fire Magic
  1295 | D:2      | Found Oddilir's Magic Scroll Shoppe.
  1529 | D:2      | Reached XP level 4. HP: 11/24 MP: 2/7
  1737 | D:2      | Learned a level 3 spell: Conjure Flame
  1742 | D:2      | Learned a level 4 spell: Sticky Flame
  2971 | D:3      | Noticed a bullfrog
  2979 | D:3      | Killed a bullfrog
  2980 | D:3      | Reached XP level 5. HP: 28/28 MP: 3/9
  3490 | D:4      | Reached skill level 1 in Maces & Flails
  3579 | D:4      | Reached XP level 6. HP: 18/33 MP: 5/10
  3771 | D:4      | Noticed an orc warrior
  3800 | D:3      | Killed an orc warrior
  3801 | D:3      | Reached skill level 5 in Fire Magic
  4034 | D:4      | Reached skill level 1 in Shields
  4139 | D:4      | Identified the +8 chain mail "Nourph" {rCorr Int+4}
  4242 | D:4      | Reached XP level 7. HP: 37/37 MP: 8/12
  4545 | D:4      | Learned a level 1 spell: Sandblast
  4563 | D:5      | Entered Level 5 of the Dungeon
  4599 | D:5      | Reached skill level 1 in Earth Magic
  5030 | D:5      | Found a shadowy altar of Dithmenos.
  5056 | D:5      | Found a burning altar of Makhleb.
  5056 | D:5      | Found a shimmering altar of Xom.
  5278 | D:5      | Noticed Sigmund
  5898 | D:5      | Reached XP level 8. HP: 40/42 MP: 14/14
  6383 | D:5      | Killed Sigmund
  6384 | D:5      | Reached skill level 1 in Fighting
  6476 | D:5      | Learned a level 5 spell: Fireball
  6913 | D:6      | Noticed Grinder
  6925 | D:6      | Killed Grinder
  6926 | D:6      | Reached skill level 5 in Spellcasting
  6926 | D:6      | Reached skill level 6 in Fire Magic
  7276 | D:6      | HP: 2/43 [steam dragon] (5)]
  7792 | D:6      | Reached XP level 9. HP: 22/48 MP: 9/16
  7817 | D:6      | HP: 2/48 [orc warrior (5)]
  8125 | D:6      | Reached skill level 5 in Conjurations
  8930 | D:6      | Reached skill level 5 in Earth Magic
  9454 | D:7      | Noticed Pikel
  9658 | D:6      | Killed Pikel
  9659 | D:6      | Reached skill level 7 in Fire Magic
 10046 | D:7      | Found a staircase to the Ecumenical Temple.
 10065 | Temple   | Entered the Ecumenical Temple
 10216 | Temple   | Became a worshipper of Vehumet
 10365 | D:7      | Reached XP level 10. HP: 53/53 MP: 13/19
 11067 | D:8      | Noticed a kobold demonologist
 11076 | D:8      | Noticed a rust devil
 11076 | D:8      | Killed a kobold demonologist
 11428 | D:8      | Found a glowing golden altar of the Shining One.
 11519 | D:8      | Reached * piety under Vehumet
 11519 | D:8      | Offered knowledge of Freeze by Vehumet.
 11522 | D:8      | Learned a level 1 spell: Freeze
 11667 | D:8      | Reached skill level 8 in Fire Magic
 11867 | D:8      | Found a staircase to the Lair.
 11951 | D:8      | Found Xiam Won's Magic Scroll Boutique.
 12119 | D:9      | Noticed a two-headed ogre
 12130 | D:9      | Slain by a two-headed ogre

Illustrated notes

Levels and vault maps discovered:
D:1:      moated_graveyard_arrival, layout_rooms
D:2:      layout_basic, serial_shops, shop, basic_altar, minmay_bisected
D:3:      layout_basic
D:4:      layout_rooms, feat_on_display
D:5:      layout_basic, grunt_temple_overflow_champion_of_chaos,
          mainiacjoe_overflow_alcove_1, uniq_sigmund
D:6:      layout_basic, st_stairs_4, minmay_crystal_water,
          lexackson_kobold_supper, uniq_grinder
D:7:      layout_rooms, temple_fountains, grunt_ministairs_12, uniq_pikel
D:8:      kennysheep_six_static_rooms, layout_rooms, kennysheep_mini,
          lair_entry_dummy, serial_shops, shop, nrook_mini_backslash
D:9:      layout_gridville, ebering_ghost_inner_flame
Temple:   compressed_dpeg_circular_temple

Skill      XL: |  1  2  3  4  5  6  7  8  9 10 |
---------------+-------------------------------+-----
Fire Magic     | 4 5 6 7 8 |  8.0
Dodging        | 2 3 4 |  4.2
Spellcasting   | 3 4 5 6 7 |  7.3
Conjurations   | 2 3 4 6 7 |  7.3
Maces & Flails | 1 2 |  2.8
Shields        | 1 2 3 4 |  4.0
Earth Magic    | 2 4 6 |  6.4
Fighting       | 1 2 |  2.0
Stealth        | |  2.1

Action                   |  1- 3 |  4- 6 |  7- 9 | 10-12 || total
-------------------------+-------+-------+-------+-------++-------
Melee: Whip              |    32 |    46 |   101 |    17 ||   196
       Mace              |       |       |       |     5 ||     5
 Cast: Foxfire           |    64 |    80 |   243 |   120 ||   507
       Sandblast         |       |       |     5 |    19 ||    24
       Conjure Flame     |       |       |       |     2 ||     2
       Sticky Flame      |       |       |       |     2 ||     2
  Use: Scroll            |     2 |     5 |     6 |     1 ||    14
       Potion            |       |     1 |     1 |       ||     2
Armor: Robe              |    19 |    16 |    69 |       ||   104
       Steam dragon scal |       |       |     3 |    22 ||    25
Dodge: Dodged            |    24 |    36 |    77 |    23 ||   160
Block: Other             |     3 |    18 |    42 |     8 ||    71
       Reflection        |       |       |     1 |     7 ||     8
       Buckler           |       |       |       |    15 ||    15
